 Dungeon Crawl Stone Soup version 0.28-a0-794-gafe8c5f9e9 (webtiles) character file.

Game seed: 5709042832022764517

564 eastwood6510 the Ruffian (level 7, -3/67 HPs)
             Began as a Troll Monk on Nov 2, 2021.
             Slain by a mummy (11 damage)
             ... in an ossuary on Nov 5, 2021.
             The game lasted 00:21:47 (2633 turns).

eastwood6510 the Ruffian (Troll Monk)               Turns: 2633, Time: 00:21:48

Health: -3/67      AC:  4    Str: 21    XL:     7   Next: 10%
Magic:  6/6        EV: 11    Int: 12    God:
Gold:   210        SH:  0    Dex: 13    Spells: 6/6 levels left

rFire   . . .      SeeInvis .     - Unarmed
rCold   . . .      Faith    .   (no shield)
rNeg    . . .      Spirit   .   a - +0 robe
rPois   .          Reflect  .   (helmet restricted)
rElec   .          Harm     .   (no cloak)
rCorr   .          Rampage  .   (gloves unavailable)
Will    .....                   (boots unavailable)
Stlth   ++........              m - amulet of the acrobat
HPRegen 1.21/turn               f - +6 ring of intelligence
MPRegen 0.10/turn               (no ring)

@: marked
A: large, unfitting armour, claws 3, regeneration 1, shaggy fur 1, tough skin 1
a: no special abilities


You were in an ossuary.
You visited 1 branch of the dungeon, and saw 4 of its levels.
You also visited: Ossuary.

You collected 210 gold pieces.

Inventory:

Hand Weapons
 b - a +0 club
 e - a +0 club
 g - a +0 whip
 l - a +0 dagger
Missiles
 c - 60 arrows
 d - 47 bolts
 r - 4 large rocks (quivered)
 s - 95 stones
Armour
 a - a +0 robe (worn)
 h - a +0 pair of gloves
Jewellery
 f - a +6 ring of intelligence (left claw)
 m - an amulet of the acrobat (around neck)
 u - a ring of fire
Scrolls
 n - a scroll of immolation {unknown}
 o - a scroll of teleportation {unknown}
 p - a scroll of magic mapping {unknown}
 q - 3 scrolls of fear {unknown}
 t - a scroll of enchant weapon {unknown}
 v - 2 scrolls of enchant armour {unknown}
 w - a scroll of brand weapon {unknown}
Potions
 i - a potion of lignification {unknown}
 j - a potion of cancellation
 k - 2 potions of curing {unknown}
 x - a potion of mutation {unknown}
 z - a potion of magic {unknown}


   Skills:
 + Level 3.1 Fighting
 + Level 4.1 Dodging
 + Level 1.9 Stealth
 + Level 6.1 Unarmed Combat


You had 6 spell levels left.
You didn't know any spells.
Your spell library contained the following spells:

 Spells                   Type           Power      Damage    Failure   Level
 Corpse Rot               Necr/Air       0%         N/A       45%         2
 Ensorcelled Hibernation  Hex/Ice        0%         N/A       45%         2
 Poisonous Vapours        Pois/Air       0%         N/A       45%         2
 Frozen Ramparts          Ice            0%         1d2       69%         3
 Tukima's Dance           Hex            0%         N/A       69%         3
 Ice Form                 Ice/Tmut       0%         N/A       97%         4
 Summon Ice Beast         Ice/Summ       0%         N/A       97%         4
 Borgnjor's Revivificati  Necr           0%         N/A       100%        8
 Necromutation            Tmut/Necr      0%         N/A       100%        8
 Death's Door             Necr           0%         N/A       100%        9


Dungeon Overview and Level Annotations

Branches:
Dungeon (4/15)            Ossuary (1/1)
 Temple: D:4-7

Altars:


Innate Abilities, Weirdness & Mutations

You are too large for most types of armour.
You have claws for hands.
Your natural rate of healing is unusually fast.
You are covered in fur. (AC +1)
You have tough skin. (AC +1)


Message History

You claw the centaur zombie!
You destroy the centaur zombie!
The mummy hits you!
Your Dodging skill increases to level 4!
You scratch the centaur zombie.
The centaur zombie is lightly damaged.
The centaur zombie hits you.
The centaur zombie completely misses you.
You scratch the centaur zombie.
The centaur zombie is moderately damaged.
The centaur zombie hits you but does no damage.
The centaur zombie kicks you but does no damage.
The mummy hits you.
You claw the centaur zombie!
The centaur zombie is severely damaged.
The centaur zombie hits you.
The centaur zombie kicks you but does no damage.
The mummy hits you!
You claw the centaur zombie!
You destroy the centaur zombie!
The mummy barely misses you.
Your Unarmed Combat skill increases to level 6!
You have reached level 7!
You claw the hobgoblin zombie!
You destroy the hobgoblin zombie!
The mummy completely misses you.
You scratch the mummy but do no damage. The mummy closely misses you.
You claw the mummy!
You destroy the mummy!
The mummy hits you!
You scratch the mummy.
The mummy is heavily damaged.
The mummy hits you but does no damage. x2; The mummy hits you!
* * * LOW HITPOINT WARNING * * *
You claw the mummy!
You destroy the mummy!
You completely miss the mummy. The mummy hits you!
* * * LOW HITPOINT WARNING * * *
The mummy hits you!
You die...

### ##@##
##MMM##
##.....##
#.......#
#.......#
#.......#
#!......#
##^^...##
##.....##


You could see 3 mummies.

Vanquished Creatures
  A necrophage (D:4)
  2 phantoms (D:4)
  3 centaur zombies (Ossuary)
  2 orc wizards (D:3)
  2 mummies (Ossuary)
  7 adders
  3 gnolls (D:3)
  2 dart slugs
  4 orcs (D:3)
  9 ball pythons
  4 bats
  2 endoplasms
  2 giant cockroaches
  7 goblins
  8 hobgoblins
  A jackal (D:2)
  5 quokkas
  2 hobgoblin zombies (Ossuary)
  4 kobolds
  3 rats
73 creatures vanquished.

Notes
Turn   | Place    | Note
-------+----------+-------------------------------------------
     0 | D:1      | eastwood6510 the Troll Monk began the quest for the Orb.
     0 | D:1      | Reached XP level 1. HP: 22/22 MP: 0/0
   219 | D:1      | Reached XP level 2. HP: 29/29 MP: 1/1
   488 | D:1      | Upgraded the game from 0.28-a0-779-g3d1f99b579 to
                  | 0.28-a0-794-gafe8c5f9e9
   704 | D:2      | Reached XP level 3. HP: 36/36 MP: 2/2
  1021 | D:2      | Reached XP level 4. HP: 44/44 MP: 3/3
  1524 | D:3      | Reached skill level 4 in Unarmed Combat
  1670 | D:3      | Reached XP level 5. HP: 52/52 MP: 4/4
  2304 | D:4      | Noticed a phantom
  2311 | D:4      | Noticed a phantom
  2323 | D:4      | Killed a phantom
  2324 | D:4      | Reached skill level 5 in Unarmed Combat
  2324 | D:4      | Reached XP level 6. HP: 51/59 MP: 5/5
  2527 | D:4      | Found a sand-covered staircase.
  2534 | Ossuary  | Entered an ossuary
  2628 | Ossuary  | Reached skill level 6 in Unarmed Combat
  2628 | Ossuary  | Reached XP level 7. HP: 36/67 MP: 6/6
  2633 | Ossuary  | Slain by a mummy

Illustrated notes

Levels and vault maps discovered:
D:1:      lemuel_arrival_behind_the_door_large, layout_basic, minmay_misc_feat_x
D:2:      layout_basic, minmay_tall_x
D:3:      layout_loops_cross, hex_large, grunt_decor_fettered
D:4:      layout_gridville, minmay_temple_entry_trees, enter_ossuary_4,
          uniq_grinder
Ossuary:  ossuary_the_hunt_dpeg

Skill      XL: |  1  2  3  4  5  6 |
---------------+-------------------+-----
Dodging        | 3 4 |  4.1
Unarmed Combat | 4 5 6 |  6.1
Fighting       | 3 |  3.1
Stealth        | |  1.9

Action                   |  1- 3 |  4- 6 |  7- 9 || total
-------------------------+-------+-------+-------++-------
Melee: Unarmed           |    94 |   127 |     6 ||   227
       Punch             |     1 |       |       ||     1
  Use: Scroll            |     2 |     1 |       ||     3
       Potion            |       |     1 |       ||     1
 Stab: Sleeping          |     3 |     2 |       ||     5
Armor: Robe              |    25 |    87 |     2 ||   114
Dodge: Dodged            |    47 |   150 |     2 ||   199

Table legend: (Time is in decaauts)
 A = Elapsed time spent in this place.
 B = Non-inter-level travel time spent in this place.
 C = Inter-level travel time spent in this place.
 D = Time resting spent in this place.
 E = Time spent auto-exploring this place.
 F = Levels seen in this place.
 G = Mean time per level.
                   A        B        C        D        E       F      G
               +--------+--------+--------+--------+--------+-----+--------+
         Total |   2615 |   2455 |    160 |     25 |   1709 |   5 |  523.0 |
       Dungeon |   2519 |   2359 |    160 |     25 |   1709 |   4 |  629.8 |
       Ossuary |     96 |     96 |      0 |      0 |      0 |   1 |   96.0 |
               +--------+--------+--------+--------+--------+-----+--------+

Top non-repeatable levels by time:
     D:2: 920 daAuts
     D:3: 692 daAuts
     D:1: 671 daAuts
     D:4: 235 daAuts
 Ossuary: 96 daAuts
